 Dungeon Crawl Stone Soup version 0.29.1-12-g30fa7ad0bf (webtiles) character file.

Game seed: 15887348327832358531

78 Radix the Caller (level 4, -13/24 HPs)
             Began as a Deep Elf Summoner on Dec 14, 2022.
             Killed from afar by an orc wizard (15 damage)
             ... with a puff of flame
             ... on level 3 of the Dungeon.
             The game lasted 00:17:56 (2562 turns).

Radix the Caller (Deep Elf Summoner)                Turns: 2562, Time: 00:17:56

Health: -13/24     AC:  2    Str:  5    XL:     4   Next: 15%
Magic:  12/12      EV: 12    Int: 22    God:
Gold:   84         SH:  0    Dex: 15    Spells: 8/12 levels left

rFire   x . .      SeeInvis .   c - +0 dagger
rCold   + . .      Faith    .   (no shield)
rNeg    . . .      Spirit   .   a - +0 robe
rPois   .          Reflect  .   (no helmet)
rElec   .          Harm     .   (no cloak)
rCorr   .          Rampage  .   (no gloves)
Will    .....                   (no boots)
Stlth   ++........              (no amulet)
HPRegen 0.08/turn               p - ring of ice
MPRegen 0.13/turn               (no ring)

@: no status effects
A: no striking features
a: no special abilities


You were on level 3 of the Dungeon.
You visited 1 branch of the dungeon, and saw 3 of its levels.

You collected 84 gold pieces.

Inventory:

Hand Weapons
 c - a +0 dagger (weapon)
Armour
 a - a +0 robe (worn)
 e - a +0 pair of boots
Jewellery
 p - a ring of ice (left hand)
Scrolls
 d - a scroll of poison {unknown}
 f - 3 scrolls of identify {unknown}
 i - a scroll of amnesia {unknown}
 j - a scroll of teleportation {unknown}
 l - a scroll of enchant weapon {unknown}
 o - 2 scrolls of blinking {unknown}
Potions
 b - a potion of magic
 g - a potion of might {unknown}
 h - a potion of flight {unknown}
 k - a potion of curing {unknown}
 m - a potion of lignification {unknown}
 n - a potion of ambrosia {unknown}


   Skills:
 - Level 2.4 Dodging
 - Level 2.4 Stealth
 + Level 4.8 Spellcasting
 + Level 5.4 Summonings


You had 8 spell levels left.
You knew the following spells:

 Your Spells              Type           Power      Damage    Failure   Level
a - Summon Small Mammal   Summ           100%       N/A       1%          1
b - Call Canine Familiar  Summ           29%        N/A       3%          3

Your spell library contained the following spells:

 Spells                   Type           Power      Damage    Failure   Level
 Call Imp                 Summ           29%        N/A       1%          2
 Summon Guardian Golem    Hex/Summ       17%        N/A       11%         3
 Gell's Gravitas          Tloc           5%         N/A       30%         3
 Teleport Other           Tloc           5%         N/A       30%         3
 Summon Lightning Spire   Summ/Air       17%        N/A       34%         4
 Dispersal                Tloc           2%         N/A       100%        6


Dungeon Overview and Level Annotations

Branches:
Dungeon (3/15)

Altars:
Xom

Shops:
D:2 [


Message History

Your hound bites the orc.
The orc dies!
A rat comes into view.
Your rat barely misses the orc wizard.
Your hound closely misses the orc wizard.
Your rat closely misses the orc wizard.
Your hound bites the orc wizard.
Casting: Summon Small Mammal (safe; 1% risk of failure)
Confirm with . or Enter, or press ? or * to list all spells.
You barely miss the orc wizard.
You punch the orc wizard, but do no damage.
The orc wizard is lightly wounded.
Your hound closely misses the orc wizard.
The orc wizard hits you with a +0 dagger of electrocution.
You are electrocuted!!
Ouch! That really hurt!
* * * LOW HITPOINT WARNING * * *
Your rat barely misses the orc wizard.
Okay, then.
Your hound barely misses the orc wizard.
Your hound completely misses the orc wizard.
Your quokka misses the orc wizard.
The orc wizard attacks as you move away!
The orc wizard closely misses you.
Your quokka bites the orc wizard.
Your hound barely misses the orc wizard.
Your hound misses the orc wizard.
Your quokka closely misses the orc wizard.
The orc wizard attacks as you move away!
The orc wizard barely misses you.
Your hound closely misses the orc wizard.
Your hound barely misses the orc wizard.
The rat bites your quokka but does no damage.
Your quokka closely misses the rat.
Your hound bites the orc wizard but does no damage.
Your quokka closely misses the rat.
The orc wizard gestures at you while chanting.
The puff of flame hits you! The fire burns you terribly!
Ouch! That really hurt!
You die...

...........# ###########..#.###
...........# #......#...#.#†...
...........# #.####.#.#.#.#####
...........# #........#.#.# #.
...........# #..#####.#...# #.
........r..# #........##### #.
..##.......# ##....##..<..# #.
..##...)..r############...#.#####
..######.)rr.ho.@....##...#...# #
.###################.##...###.###
.>...........................÷...
..#######...##.###.#....#.....##.
# #.#.##.# #.########.)..#.
#####...##.# #.## #....#.
#.....#.##.# #..# ##..##.
#.###.#.##.####.### #....#.
#.....#.##........#######..#.


You could see an orc wizard (ally target), a rat (ally target), a friendly hound
(summoned), a friendly quokka (summoned) and a friendly rat (summoned).

Vanquished Creatures
  A hobgoblin (D:1)
  A ball python (D:1)
  2 bats
  2 rats (D:2)
6 creatures vanquished.

Vanquished Creatures (collateral kills)
  An adder (D:2)
  2 dart slugs (D:1)
  2 orcs (D:3)
  9 endoplasms
  2 giant cockroaches (D:1)
  6 goblins
  6 hobgoblins
  2 jackals (D:3)
  2 kobolds (D:3)
  2 quokkas
  4 ball pythons
  5 bats
  A frilled lizard (D:1)
  3 rats
47 creatures vanquished.

Vanquished Creatures (others)
  A fungus (D:1)
  A plant (D:1)
2 creatures vanquished.

Grand Total: 55 creatures vanquished

Notes
Turn   | Place    | Note
-------+----------+-------------------------------------------
     0 | D:1      | Radix the Deep Elf Summoner began the quest for the Orb.
     0 | D:1      | Reached XP level 1. HP: 10/10 MP: 6/6
   201 | D:1      | Reached XP level 2. HP: 12/15 MP: 5/8
   354 | D:1      | Found a faded altar of an unknown god.
   557 | D:1      | Reached skill level 5 in Summonings
   557 | D:1      | Reached XP level 3. HP: 9/19 MP: 10/10
   713 | D:1      | Learned a level 3 spell: Call Canine Familiar
  1194 | D:2      | Found Saniceb's Distillery.
  1277 | D:2      | Found a shimmering altar of Xom.
  1813 | D:2      | Found Osie's Antique Armour Shop.
  2288 | D:3      | Reached XP level 4. HP: 24/24 MP: 10/12
  2550 | D:3      | HP: 1/24 [orc wizard/+0 dagger of electrocution (20)]
  2562 | D:3      | Killed from afar by an orc wizard

Illustrated notes

Levels and vault maps discovered:
D:1:      wander_arrival_fairy_ring, layout_basic,
          hellmonk_ecumenical_altar_leap_of_faith
D:2:      layout_basic, basic_altar, serial_shops, shop, nicolae_diamond_shop,
          minmay_statues_item, serial_park_tiny_1, minmay_misc_feat_rows
D:3:      layout_basic, lemuel_round_altar, kennysheep_boxes

Skill      XL: |  1  2 |
---------------+-------+-----
Spellcasting   | 4 |  4.8
Summonings     | 5 |  5.4
Dodging        | |  2.4
Stealth        | |  2.4

Action                   |  1- 3 |  4- 6 || total
-------------------------+-------+-------++-------
Melee: Unarmed           |     4 |       ||     4
       Dagger            |    28 |     5 ||    33
       Punch             |       |     1 ||     1
 Cast: Summon Small Mamm |    55 |     6 ||    61
       Call Canine Famil |     3 |     1 ||     4
 Stab: Sleeping          |     1 |       ||     1
Armor: Robe              |     8 |     1 ||     9
Dodge: Dodged            |    40 |     9 ||    49
